 Dungeon Crawl Stone Soup version 0.31-a0-1620-gcbf77bbcfc (webtiles) character file.

Game seed: 12342212157730461873

320302 Xavori the Spry (level 22, -3/180 HPs)
             Began as a Djinni Chaos Knight on Jan 11, 2024.
             Was a Favourite Plaything of Xom.
             Slain by an ettin skeleton (37 damage)
             ... led by a necromancer
             ... on level 1 of the Vaults.
             The game lasted 01:48:21 (41877 turns).

Xavori the Spry (Djinni Chaos Knight)              Turns: 41877, Time: 01:48:21

Health: -3/180     AC:  8    Str: 10    XL:     22   Next: 45%
Gold:   3339       EV: 36    Int: 21    God:    Xom [......] SH: 10 Dex: 37

rFire   + + +        x - +7 scimitar of Hatred {freeze, *Corrode rF+ Int+3}
rCold   + + .        E - +0 buckler of Winter {Regen+ MP-9 Int+2 Dex+2}
rNeg    + . .        J - +2 robe of the Saviour {rC++ Regen+ Stlth+}
rPois   ∞            (helmet restricted)
rElec   +            s - +0 cloak
rCorr   .            C - +1 pair of gloves of the Arena {rPois Dex+3}
SInv    +            (boots unavailable)
Will    +++++        h - amulet of regeneration
Stlth   ++++         m - ring "Woeco" {rF+ rN+ MP+9}
HPRegen 2.90/turn    N - ring of Freedom {Ice rElec Will+ Dex+3 SInv}
MPRegen 0.00/turn

%: corrode self (3%), infuse magic (-4 HP)
@: about to teleport, flying, very slightly contaminated, studying 2 skills
A: sickness immunity, fire resistance 2, cold vulnerability 1, float, innate
caster, HP casting, extra vitality 1, antennae 2, claws 1, agile 2, clever 1,
strong-willed 2, robust 1, electricity resistance, wild magic 1, MP-powered
wands
}: 2/15 runes: decaying, gossamer
a: Renounce Religion


You were on level 1 of the Vaults.
You worshipped Xom.
You were a very special plaything of Xom.
You visited 7 branches of the dungeon, and saw 34 of its levels.
You also visited: Desolation.

You collected 6417 gold pieces.
You spent 3078 gold pieces at shops.

Inventory:

Hand Weapons
 x - the +7 scimitar of Hatred (weapon) {freeze, *Corrode rF+ Int+3}
   (You found it in the Desolation of Salt)

   Int+3:     It affects your intelligence (+3).
   rF+:       It protects you from fire.
   *Corrode:  It may corrode you when you take damage.
 U - the +8 demon blade "Leech" {evervamp, Harm ^Drain rN+}
   (You found it on level 1 of the Vaults)

   rN+:       It protects you from negative energy.
   ^Drain:    It drains your maximum health when unequipped.
   Harm:      It increases damage dealt and taken.
Armour
 s - a +0 cloak (worn)
 C - the +1 pair of gloves of the Arena (worn) {rPois Dex+3}
   (You found it on level 3 of the Swamp)

   Dex+3:     It affects your dexterity (+3).
   rPois:     It protects you from poison
 E - the +0 buckler of Winter (worn) {Regen+ MP-9 Int+2 Dex+2}
   (You found it on level 7 of the Dungeon)

   Int+2:     It affects your intelligence (+2).
   Dex+2:     It affects your dexterity (+2).
   MP-9:      It affects your magic capacity (-9).
   Regen+:    It increases your rate of health regeneration.
 F - +0 ice dragon scales
 J - the +2 robe of the Saviour (worn) {rC++ Regen+ Stlth+}
   (You found it on level 10 of the Dungeon)

   rC++:      It greatly protects you from cold.
   Regen+:    It increases your rate of health regeneration.
   Stlth+:    It makes you more stealthy.
 P - a +0 kite shield of reflection
 R - the +18 shield of the Gong {Loud rN+ Will+ rCorr EV-5}
   (You found it on level 4 of the Lair of Beasts)

   Loud:      It is deafeningly noisy when blocking attacks.
   EV-5:      It affects your evasion (-5).
   rN+:       It protects you from negative energy.
   Will+:     It increases your willpower.
   rCorr:     It protects you from acid and corrosion.
Jewellery
 a - the amulet of Esaoru {Faith Int+3}
   (You found it in the Desolation of Salt)

   [amulet of faith]

   Faith:     It allows you to gain divine favour quickly.
   Int+3:     It affects your intelligence (+3).
 h - an amulet of regeneration (around neck)
 j - the ring of Vioqoutu {rF+ Int+4}
   (You found it in the Desolation of Salt)

   [ring of protection from fire]

   Int+4:     It affects your intelligence (+4).
   rF+:       It protects you from fire.
 m - the ring "Woeco" (left hand) {rF+ rN+ MP+9}
   (Xom gifted it to you on level 3 of the Dungeon)

   [ring of positive energy]

   rF+:       It protects you from fire.
   rN+:       It protects you from negative energy.
   MP+9:      It affects your magic capacity (+9).
 o - the ring of Zierphuky {^Drain rPois rCorr AC+4 SInv}
   (You found it on level 3 of the Elven Halls)

   [ring of protection]

   AC+4:      It affects your AC (+4).
   rPois:     It protects you from poison SInv: It lets you see invisible.
   rCorr:     It protects you from acid and corrosion.
   ^Drain:    It drains your maximum health when unequipped.
 q - the ring "Ohairghayg" {Fire Fly rElec rCorr SInv}
   (You found it on level 7 of the Dungeon)

   [ring of fire]

   Fire:      It enhances your fire magic.
   rF+:       It protects you from fire.
   rC-:       It makes you vulnerable to cold.
   rElec:     It insulates you from electricity.
   SInv:      It lets you see invisible.
   Fly:       It grants you flight.
   rCorr:     It protects you from acid and corrosion.
 y - a ring of willpower
 G - the ring "Bapnoapa" {rF+ rC+++ Int-2 Dex+5 Stlth+}
   (You found it on level 3 of the Elven Halls)

   [ring of protection from fire]

   Int-2:     It affects your intelligence (-2).
   Dex+5:     It affects your dexterity (+5).
   rF+:       It protects you from fire.
   rC+++:     It renders you almost immune to cold.
   Stlth+:    It makes you more stealthy.
 N - the ring of Freedom (right hand) {Ice rElec Will+ Dex+3 SInv}
   (You bought it in a shop on level 5 of the Dungeon)

   [ring of ice]

   Ice:       It enhances your ice magic.
   Dex+3:     It affects your dexterity (+3).
   rF-:       It makes you vulnerable to fire.
   rC+:       It protects you from cold.
   rElec:     It insulates you from electricity.
   Will+:     It increases your willpower.
   SInv:      It lets you see invisible.
 Q - the ring "Wezorr" {rC+ Dex+6}
   (You found it on level 3 of the Elven Halls)

   [ring of dexterity]

   Dex+6:     It affects your dexterity (+6).
   rC+:       It protects you from cold.
Wands
 b - a wand of acid (21)
 f - a wand of digging (18)
 g - a wand of polymorph (11)
 w - a wand of roots (33)
 H - a wand of flame (78)
 T - a wand of charming (26)
Scrolls
 c - a scroll of butterflies
 d - 21 scrolls of teleportation
 i - 5 scrolls of immolation
 p - a scroll of revelation
 u - 11 scrolls of enchant armour
 v - 8 scrolls of enchant weapon
 z - 6 scrolls of poison
 B - 4 scrolls of fear
 D - 2 scrolls of summoning
 S - 4 scrolls of blinking
 X - 3 scrolls of fog
 Y - a scroll of silence
Potions
 e - 2 potions of might
 k - 20 potions of curing
 l - 4 potions of mutation
 r - 7 potions of heal wounds
 t - 4 potions of brilliance
 A - 2 potions of invisibility
 I - 3 potions of enlightenment
 K - 6 potions of resistance
 M - 5 potions of ambrosia
 O - 3 potions of cancellation
 V - 2 potions of berserk rage
 W - 5 potions of haste
 Z - 2 potions of attraction
Miscellaneous
 n - a box of beasts
 L - a phantom mirror


   Skills:
 + Level 16.1 Fighting
 - Level 14.2 Long Blades
 + Level 9.5 Armour
 + Level 17.3 Dodging
 - Level 10.4 Shields
 * Level 16.4 Spellcasting
 * Level 16.4 Conjurations
 * Level 16.4 Hexes
 * Level 16.4 Summonings
 * Level 16.4 Necromancy
 * Level 16.4 Translocations
 * Level 16.4 Fire Magic
 * Level 16.4 Ice Magic
 * Level 16.4 Air Magic
 * Level 16.4 Earth Magic
 * Level 16.4 Alchemy
 - Level 12.1 Evocations
 + Level 6.1 Shapeshifting


You knew the following spells:

 Your Spells              Type           Power      Damage    Failure   Level
a - Slow                  Hex            100%       N/A       1%          1
b - Scorch                Fire           100%       2d9       1%          2
c - Summon Ice Beast      Ice/Summ       100%       N/A       1%          3
d - Sticky Flame          Fire/Alch      85%        2d13      1%          4
e - Metabolic Englaciati  Hex/Ice        53%        N/A       1%          5
f - Fireball              Conj/Fire      42%        3d17      1%          5
g - Death Channel         Necr           42%        N/A       1%          6
h - Ozocubu's Refrigerat  Ice            53%        4d19      7%          7
i - Monstrous Menagerie   Summ           42%        N/A       7%          7
j - Summon Horrible Thin  Summ           42%        N/A       41%         8
Your spell library was empty.

Dungeon Overview and Level Annotations

Branches:
Dungeon (15/15)            Temple (0/1) D:4            Lair (5/5) D:11
  Swamp (4/4) Lair:3       Spider (4/4) Lair:2        Slime (0/5) Lair:5
    Orc (2/2) D:10            Elf (3/3) Orc:2        Vaults (1/5) D:14
 Depths (0/4) D:15        Desolation (visited)

Altars:
Ashenzari
Dithmenos
Hepliaklqana
Qazlal
Trog
Uskayaw
Wu Jian
Xom
Yredelemnul
Ignis
Jiyva

Shops:
D:5 ??=((   D:9 (   D:12 ?   Orc:2 **?**:(   Elf:1 ?(*[

Portals:
Pandemonium: Orc:2

Annotations:
D:6 3 runed translucent doors, Dittersdorf's ghost, novice GrFi
D:7 1 transporter, Laraso's ghost, novice DrFE
Elf:1 exclusion: orange crystal statue


Innate Abilities, Weirdness & Mutations

You are immune to sickness and miasma.
You are immune to poison.
Your flesh is very heat resistant. (rF++)
You are vulnerable to cold. (rC-)
You float through the air rather than walking.
You learn spells naturally, not from books.
Your magical power is your life essence.
You have superior vitality. (+4 MHP)
You have a pair of antennae on your head.
You have sharp fingernails.
You are very agile. (Dex +8, Str/Int -2)
Your mind is acute. (Int +4, Str/Dex -1)
You are highly strong-willed. (Will++)
You are robust. (+10% HP)
You are resistant to electric shocks. (rElec)
Your spells are a little harder to cast, but a little more powerful.
You expend health (3 HP) to strengthen your wands.


Message History

You kill the vault warden!
You kill the yaktaur!
The vault warden zombie resists.
The vault warden zombie is lightly damaged.
The iron giant throws the ettin skeleton at you!
Unknown command.
Unknown command.
Casting: Ozocubu's Refrigeration (dangerous; 7% risk of failure)
Confirm with . or Enter, or press ? or * to list all spells.
You feel a surge of power!
The heat is drained from your surroundings.
The iron giant resists.
The iron giant is severely wounded.
The vault warden zombie resists.
The vault warden zombie is lightly damaged.
The ettin skeleton resists.
The ettin skeleton is moderately damaged.
The ettin skeleton is engulfed in seething chaos.
The ettin skeleton completely misses you. x2
Unknown command.
You slice the vault warden zombie!!
The vault warden zombie is moderately damaged. "Let's see if it's strong enough to survive yet."
The ettin skeleton is engulfed in seething chaos.
The ettin skeleton seems to grow stronger.
The ettin skeleton hits you!
* * * LOW HITPOINT WARNING * * *
The ettin skeleton completely misses you.
The yaktaur misses you.
The yaktaur wields a +0 arbalest.
The yaktaur shoots a bolt.
The bolt hits you.
* * * LOW HITPOINT WARNING * * *
The vault warden completely misses you.
The yaktaur wields a +0 arbalest.
The yaktaur shoots a bolt.
The bolt hits you!
* * * LOW HITPOINT WARNING * * *
Unknown command.
As you read the scroll of teleportation, it crumbles to dust.
You feel strangely unstable.
You are engulfed in seething chaos.
The ettin skeleton is engulfed in seething chaos.
The ettin skeleton completely misses you.
The ettin skeleton hits you!!!
You die...

..# ##.......## ..#
##.....## ### ##...##
..# #####
..################### ##
..##.##.#.....#.....#..#
..#...#.[.#...c.p#c....#
..##.##)))..#.c.cZ§#...#
..'...'..#.....#@§§c.#.
..##.#############C###
###### ,{{Zc. ####
,.c).).. ...#
Z)..).....# ...#
..........# ...#
...........# ...#
............# ...#


You could see an iron giant, a vault warden (summoned), 6 yaktaurs and an ettin
skeleton (strong).

Vanquished Creatures
  Nikola (Spider:4)
  Arachne (Spider:2)
  A tentacled monstrosity (Swamp:4)
  Asterion (Elf:2)
  A deep elf blademaster (Elf:3)
  Jorgrun (Orc:2)
  Agnes (D:14)
  2 thorn hunters (Swamp:3)
  Donald (Spider:3)
  2 azure jellies
  2 fire giants (D:14)
  4 deep elf sorcerers
  An imperial myrmidon (Desolation)
  Louise (D:14)
  2 deep elf elementalists (Elf:3)
  8 emperor scorpions
  A vault warden (Vaults:1)
  5 ghost moths
  2 ghouls (Lair:3)
  3 quicksilver oozes (Lair:5)
  2 ironbound preservers (Vaults:1)
  5 deep elf death magi (Elf:3)
  8 deep elf annihilators
  4 deep elf demonologists
  2 eleionomae
  2 bunyips (Swamp:2)
  A dire elephant (Lair:2)
  A halazid warlock (Desolation)
  4 spark wasps
  A crystal guardian (Desolation)
  The ghost of VoidStrider the Arsonist, a journeyman OnFE (D:12)
  2 yaktaur captains (Vaults:1)
  7 ragged hierophants (Desolation)
  3 ice dragons (Swamp:4)
  4 entropy weavers
  2 great orbs of eyes
  Erolcha (Orc:1)
  12 hydras
  11 servants of whispers (Desolation)
  A sphinx zombie (D:15)
  Erica (D:9)
  11 alligators
  An ironbound frostheart (Vaults:1)
  4 deep elf high priests (Elf:3)
  2 catoblepae
  10 peacekeepers (Desolation)
  3 demonspawn (Orc:2)
  10 centaur warriors
  A death knight (D:13)
  An anaconda (D:14)
  6 ghost crabs
  3 boulder beetles
  38 dancing weapons
  A two-headed ogre (D:13)
  6 orc high priests (Orc:2)
  5 tengu warriors (D:14)
  11 death yaks
  A vampire mage (D:15)
  4 demonic crawlers
  A shock serpent (shapeshifter) (Lair:5)
  31 deep elf knights
  A storm dragon zombie (D:15)
  A fire crab (Lair:5)
  8 skeletal warriors
  A skyshark (Lair:2)
  10 deep trolls (Vaults:1)
  5 goliath frogs
  A spark wasp zombie (D:15)
  5 pharaoh ants
  9 spriggan druids
  8 orb spiders
  8 bog bodies
  4 steelbarb worms
  13 deep elf archers
  3 lindwurms (Vaults:1)
  5 phantasmal warriors
  3 swamp dragons
  5 orc knights
  4 ironbound convokers
  2 oklob plants
  24 deep elf pyromancers
  32 deep elf zephyrmancers
  3 necromancers
  Pikel (D:9)
  3 will-o-the-wisps
  15 wolf spiders
  8 ugly things
  A salamander (shapeshifter) (Lair:3)
  2 manticores
  5 moths of wrath
  10 cyclopes
  3 orc sorcerers (Orc:2)
  Joseph (D:7)
  6 elephants (Lair:1)
  A rust devil (D:6)
  A kobold blastminer (Orc:2)
  4 apocalypse crabs (Swamp:3)
  4 guardian serpents (Desolation)
  2 vault sentinels (Vaults:1)
  8 molten gargoyles
  4 black mambas
  An eye of devastation (Lair:1)
  10 cane toads
  An orange demon (Lair:1)
  19 yaktaurs
  2 gargoyles
  Jeremiah (D:9)
  An unseen horror zombie (D:9)
  12 komodo dragons
  5 freezing wraiths
  3 rime drakes
  An ice devil (Orc:2)
  A troll (D:14)
  6 tyrant leeches
  A wind drake (Lair:2)
  A hornet (shapeshifter) (D:14)
  19 tarantellas
  16 hornets
  80 saltlings (Desolation)
  15 blink frogs
  6 dream sheep
  5 air elementals
  32 slime creatures
  23 jumping spiders
  A vampire (D:10)
  3 shadows (D:11)
  5 water elementals
  A ynoxinul (Orc:2)
  A spriggan (shapeshifter) (D:12)
  2 wraiths
  24 spriggans
  16 culicivoras
  5 wargs
  5 wyverns
  2 fire elementals (Elf:3)
  6 basilisks
  38 yaks
  A human (D:10)
  48 redbacks
  Grum (D:9)
  4 swamp worm simulacra (Swamp:4)
  13 vampire mosquitoes
  11 swamp worms
  A swamp worm (shapeshifter) (Elf:1)
  14 hydra simulacra (Swamp:4)
  3 acid dragons
  16 water moccasins
  2 sky beasts
  4 swamp drakes
  23 orc warriors
  6 ice beasts (D:11)
  10 black bears
  2 ogres
  28 wolves
  8 boggarts
  7 centaurs
  2 phantoms
  2 kobold brigands
  4 earth elementals
  17 bullfrogs
  2 scorpions (D:5)
  A necrophage (Swamp:1)
  4 wights (D:9)
  A troll zombie (Swamp:4)
  11 killer bees
  30 jellies
  5 electric eels
  2 troll skeletons (Swamp:4)
  An electric eel (shapeshifter) (D:13)
  4 howler monkeys
  A bombardier beetle (D:6)
  2 hounds
  2 gnoll boudas
  17 orc priests
  A sleepcap (D:6)
  4 iguanas
  16 orc wizards
  Natasha (twice) (D:4)
  A howler monkey zombie (D:9)
  10 adders
  11 gnolls
  A gnoll (shapeshifter) (D:4)
  2 white imps
  4 swamp drake simulacra (Swamp:4)
  2 ufetubi (D:6)
  6 dart slugs
  38 orcs
  6 ball pythons
  6 endoplasms
  8 giant cockroaches
  10 goblins
  8 hobgoblins
  A jackal (D:4)
  21 kobolds
  4 quokkas
  3 bats
  4 rats
1349 creatures vanquished.

Vanquished Creatures (collateral kills)
  A bunyip (Swamp:1)
  A hydra (Lair:3)
  An alligator (Swamp:1)
  A catoblepas (Lair:2)
  A dancing weapon (Elf:2)
  A boulder beetle (Lair:3)
  A centaur warrior (D:14)
  A two-headed ogre (D:11)
  A tengu warrior (D:14)
  A sun moth (Spider:2)
  A bog body (Swamp:2)
  2 deep elf zephyrmancers (Elf:2)
  2 molten gargoyles (D:14)
  A troll (D:10)
  A spriggan (Swamp:1)
  5 yaks
  A fire bat (Lair:2)
  A swamp worm (Swamp:2)
  An orc warrior (D:6)
  2 wolves
  A centaur (D:9)
  2 bullfrogs
  A howler monkey (D:9)
  An orc priest (D:10)
  A gnoll (D:9)
  An orc (D:6)
  2 kobolds (D:8)
36 creatures vanquished.

Vanquished Creatures (others)
  An eleionoma (Swamp:3)
  A deep elf knight (Elf:3)
  A spriggan (Swamp:1)
  A deep elf pyromancer (Elf:1)
  An apocalypse crab (Swamp:3)
  2 bloated husks (Swamp:1)
  A tyrant leech (Swamp:1)
  2 hornets (Swamp:1)
  A blink frog (Lair:3)
  A culicivora (Spider:3)
  2 yaks
  A redback (Spider:2)
  A black bear (Lair:5)
  A wolf (D:9)
  A centaur (D:10)
  An orc priest (D:10)
  4 orcs (D:10)
  A jackal (D:10)
  A kobold (D:10)
  A kobold zombie (D:6)
  22 foxfires
48 creatures vanquished.

Grand Total: 1433 creatures vanquished

Notes
Turn   | Place    | Note
-------+----------+-------------------------------------------
     0 | D:1      | Xavori the Djinni Chaos Knight began the quest for the Orb.
     0 | D:1      | Reached XP level 1. HP: 20/20 MP: 0/0
    76 | D:1      | XOM: divination: detect creatures
    78 | D:1      | Reached XP level 2. HP: 25/25 MP: 0/0
    98 | D:1      | HP: 1/25 [frozen (3)]
   571 | D:1      | XOM: give mutation
   571 | D:1      | Gained mutation: You have hidden genetic potential. [Xom's
                  | mischief]
   585 | D:1      | XOM: god gift: chain mail {god gift}
   663 | D:1      | Reached XP level 3. HP: 30/30 MP: 0/0
   663 | D:1      | Learned a level 1 spell: Slow
   707 | D:1      | Reached skill level 1 in Spellcasting
   707 | D:1      | Reached skill level 1 in Conjurations
   707 | D:1      | Reached skill level 1 in Hexes
   707 | D:1      | Reached skill level 1 in Summonings
   707 | D:1      | Reached skill level 1 in Necromancy
   707 | D:1      | Reached skill level 1 in Translocations
   707 | D:1      | Reached skill level 1 in Fire Magic
   707 | D:1      | Reached skill level 1 in Ice Magic
   707 | D:1      | Reached skill level 1 in Air Magic
   707 | D:1      | Reached skill level 1 in Earth Magic
   707 | D:1      | Reached skill level 1 in Alchemy
   772 | D:1      | XOM: scenery: 1 doors open
   816 | D:1      | Gained mutation: You are resistant to electric shocks.
                  | (rElec) [hidden potential]
  1105 | D:1      | XOM: god gift: scroll labelled SIEGEEP ME RAPT {god gift}
  2023 | D:1      | XOM: silly message
  2118 | D:1      | XOM: cloud trail
  2594 | D:1      | XOM: silly message
  3225 | D:1      | XOM is BORED!
  3225 | D:1      | XOM: give mutation
  3225 | D:1      | Gained mutation: Armour fits poorly on your strangely
                  | shaped body. [Xom's mischief]
  4505 | D:1      | XOM: noise
  5019 | D:1      | XOM: noise
  5302 | D:1      | XOM: god gift: 21 gold pieces
  6796 | D:1      | XOM: scenery: summon butterflies
  8195 | D:1      | XOM: give mutations
  8195 | D:1      | Gained mutation: Your spells are a little harder to cast,
                  | but a little more powerful. [Xom's mischief]
  8195 | D:1      | Lost mutation: You are resistant to electric shocks.
                  | (rElec) [Xom's mischief]
  8195 | D:1      | Gained mutation: You are frail. (-10% HP) [Xom's mischief]
  8788 | D:1      | XOM: give mutation
  8788 | D:1      | Gained mutation: Your spells are harder to cast, but more
                  | powerful. [Xom's mischief]
  9218 | D:1      | XOM is BORED!
  9255 | D:1      | XOM: god gift: +2 pair of boots of flying
  9296 | D:1      | XOM: give mutation
  9296 | D:1      | Gained mutation: You are partially covered in large bone
                  | plates. (SH +4) [Xom's grace]
  9356 | D:1      | XOM: silly message
  9683 | D:2      | Reached XP level 4. HP: 27/31 MP: 0/0
 10003 | D:2      | XOM: god gift: staff of alchemy
 10005 | D:2      | Gained mutation: You are agile. (Dex +4, Str/Int -1)
                  | [hidden potential]
 10005 | D:2      | Lost mutation: You have hidden genetic potential. [hidden
                  | potential expressed]
 10063 | D:2      | XOM: divination: magic mapping
 10225 | D:2      | XOM: scenery: summon butterflies
 10402 | D:3      | Found a hazy altar of Hepliaklqana.
 10403 | D:3      | Found a faded altar of an unknown god.
 10408 | D:3      | Reached XP level 5. HP: 31/36 MP: 0/0
 10408 | D:3      | Learned a level 2 spell: Scorch
 10607 | D:3      | Reached skill level 3 in Dodging
 10608 | D:3      | Identified the ring "Woeco" {rF+ rN+ MP+9} (Xom gifted it
                  | to you on level 3 of the Dungeon)
 10608 | D:3      | XOM: god gift: ring "Woeco" {rF+ rN+ MP+9}
 10621 | D:3      | XOM: summons 3 hostile demons
 10675 | D:3      | XOM: god gift: twisted silver wand {god gift}
 10776 | D:3      | Noticed an ogre
 10777 | D:3      | XOM: summons friendly white imp
 10784 | D:3      | Killed an ogre
 10785 | D:3      | Reached XP level 6. HP: 26/42 MP: 0/0
 10890 | D:3      | XOM: god gift: sapphire ring {god gift}
 10906 | D:3      | XOM: fake destruction
 10913 | D:3      | XOM: god gift: silver javelin
 10928 | D:3      | Reached skill level 1 in Evocations
 10948 | D:3      | XOM: butterfly on damage
 10991 | D:3      | XOM: enchant monster (good)
 11215 | D:4      | Noticed a black bear
 11226 | D:4      | Killed a black bear
 11227 | D:4      | Reached XP level 7. HP: 41/46 MP: 0/0
 11227 | D:4      | Learned a level 3 spell: Summon Ice Beast
 11238 | D:4      | Found a staircase to the Ecumenical Temple.
 11330 | D:4      | XOM: polymorph giant cockroach -> dart slug
 11333 | D:4      | XOM: give mutations
 11333 | D:4      | Lost mutation: Armour fits poorly on your strangely shaped
                  | body. [Xom's mischief]
 11333 | D:4      | Gained mutation: You have sharp fingernails. [Xom's
                  | mischief]
 11333 | D:4      | Lost mutation: You are frail. (-10% HP) [Xom's mischief]
 11333 | D:4      | Gained mutation: Your spells are much harder to cast, but
                  | much more powerful. [Xom's mischief]
 11371 | D:4      | Noticed Natasha
 11379 | D:4      | Killed Natasha
 11413 | D:4      | a bombardier beetle changed into a shapeshifter
 11413 | D:4      | Noticed a shapeshifter (shapeshifter)
 11413 | D:4      | XOM: polymorph bombardier beetle -> shapeshifter
 11414 | D:4      | a shapeshifter changed into a gnoll
 11528 | D:4      | XOM: swap monsters
 11536 | D:4      | Reached skill level 4 in Dodging
 11636 | D:4      | XOM: god gift: scroll labelled PEQ RAPNI BAK {god gift}
 11715 | D:4      | Noticed Natasha
 11716 | D:4      | Natasha changed into Natasha the swamp drake
 11716 | D:4      | Noticed Natasha
 11716 | D:4      | XOM: polymorph Natasha -> Natasha the swamp drake
 11732 | D:4      | Killed Natasha the swamp drake
 11733 | D:4      | Reached XP level 8. HP: 52/58 MP: 0/0
 11825 | D:4      | Noticed Natasha
 11831 | D:4      | Killed Natasha
 11907 | D:5      | Entered Level 5 of the Dungeon
 11907 | D:5      | Found Routru Uqam's Antique Weapon Shoppe.
 11915 | D:5      | Found Yqoleqef's Magic Scroll Shoppe.
 11923 | D:5      | Bought 2 scrolls of identify for 56 gold pieces
 11923 | D:5      | Bought a scroll of enchant armour for 105 gold pieces
 11923 | D:5      | Bought a scroll of teleportation for 42 gold pieces
 11923 | D:5      | Bought a scroll of identify for 28 gold pieces
 12040 | D:5      | Found Mixiaphi's Magic Scroll Shop.
 12152 | D:5      | XOM: 2-stop teleportation journey
 12176 | D:5      | Found Enyen's Weapon Emporium.
 12235 | D:5      | Found a stormy altar of Qazlal.
 12237 | D:5      | XOM: confusion
 12252 | D:5      | XOM: noise
 12281 | D:5      | XOM: confusion (+ monsters)
 12442 | D:5      | XOM: give mutation
 12442 | D:5      | Gained mutation: You are weak. (Str -2) [Xom's mischief]
 12461 | D:5      | Found Moaviele's Jewellery Shop.
 12487 | D:5      | XOM: summons friendly crimson imp
 12605 | D:5      | XOM: summons 5 hostile demons
 12750 | D:5      | Found a shadowy altar of Dithmenos.
 12891 | D:6      | Noticed Grinder
 12892 | D:6      | XOM: torment (30/58 hp)
 12893 | D:6      | Grinder changed into Grinder the rust devil
 12893 | D:6      | Noticed Grinder
 12893 | D:6      | XOM: polymorph Grinder -> Grinder the rust devil
 12898 | D:6      | XOM: fog
 12903 | D:6      | XOM: cast spell 'Fugue of the Fallen'
 12904 | D:6      | XOM: swap monsters
 12932 | D:6      | XOM: stat loss: -1 Int (11/12)
 13009 | D:6      | XOM: noise
 13032 | D:6      | XOM: 3-stop teleportation journey
 13057 | D:6      | XOM: 1-stop teleportation journey
 13062 | D:6      | Found a runed translucent gate.
 13098 | D:6      | Found a runed translucent gate.
 13100 | D:6      | Found a runed translucent gate.
 13100 | D:6      | Noticed Dittersdorf's ghost (novice GrFi)
 13100 | D:6      | Noticed a spectral unseen horror
 13208 | D:6      | Reached skill level 5 in Fighting
 13274 | D:6      | Killed Grinder the rust devil
 13275 | D:6      | Reached skill level 5 in Dodging
 13275 | D:6      | Reached XP level 9. HP: 52/65 MP: 0/0
 13275 | D:6      | Learned a level 4 spell: Sticky Flame
 13438 | D:6      | XOM: silly message
 13710 | D:7      | XOM: polymorph black bear -> dart slug
 13718 | D:7      | Reached skill level 5 in Long Blades
 13808 | D:7      | XOM: give mutations
 13808 | D:7      | Gained mutation: Your flesh is almost immune to the effects
                  | of heat. (rF+++) [Xom's grace]
 13808 | D:7      | Lost mutation: You are weak. (Str -2) [Xom's grace]
 13808 | D:7      | Gained mutation: You are strong-willed. (Will+) [Xom's
                  | grace]
 13808 | D:7      | Gained mutation: You possess an exceptional clarity of
                  | mind. [Xom's grace]
 13830 | D:7      | Noticed Laraso's ghost (novice DrFE)
 13831 | D:7      | Found a transporter.
 13831 | D:7      | Noticed a moth of wrath
 13916 | D:7      | Identified the +0 buckler of Winter {Regen+ MP-9 Int+2
                  | Dex+2}
 14014 | D:7      | Found a broken altar of Ashenzari.
 14100 | D:7      | Found a transporter.
 14193 | D:7      | Noticed Joseph
 14213 | D:7      | Reached skill level 7 in Dodging
 14213 | D:7      | Reached skill level 5 in Evocations
 14213 | D:7      | Reached XP level 10. HP: 29/75 MP: 0/0
 14215 | D:7      | Killed Joseph
 14526 | D:7      | Identified the ring "Ohairghayg" {Fire Fly rElec rCorr
                  | SInv}
 14534 | D:7      | Killed a moth of wrath
 14585 | D:8      | XOM: cleaving
 14695 | D:8      | XOM: god gift: 6 stones
 14709 | D:8      | Reached XP level 11. HP: 79/79 MP: 0/0
 14709 | D:8      | Learned a level 5 spell: Metabolic Englaciation
 14736 | D:8      | Found an ornate altar of the Wu Jian Council.
 14756 | D:8      | XOM: summons 6 hostile demons
 14828 | D:8      | XOM: 1-stop teleportation journey
 14943 | D:8      | XOM: stat loss: -1 Int (13/14)
 15327 | D:9      | XOM: silly message
 15349 | D:9      | Found a basalt altar of Yredelemnul.
 15382 | D:9      | XOM: smoke on damage
 15408 | D:9      | Noticed Grum
 15413 | D:9      | XOM: summons friendly iron imp
 15413 | D:9      | Noticed Erica
 15435 | D:9      | Killed Erica
 15448 | D:9      | Killed Grum
 15464 | D:9      | Found Nyop's Antique Weapon Shoppe.
 15493 | D:9      | Noticed Jeremiah
 15511 | D:9      | XOM: swap monsters
 15521 | D:9      | Killed Jeremiah
 15575 | D:9      | XOM: polymorph iron imp -> white imp
 15776 | D:9      | XOM: give mutation
 15776 | D:9      | Gained mutation: You are highly strong-willed. (Will++)
                  | [Xom's grace]
 15883 | D:9      | Noticed Pikel
 15888 | D:9      | XOM: potion effect (invisibility)
 15891 | D:9      | Killed Pikel
 15892 | D:9      | Reached skill level 8 in Dodging
 16018 | D:10     | Entered Level 10 of the Dungeon
 16119 | D:10     | XOM: confuse monster(s)
 16125 | D:10     | XOM: torment (41/80 hp)
 16128 | D:10     | XOM: chaos cloud
 16142 | D:10     | XOM: god gift: spear {god gift}
 16216 | D:10     | Identified the +2 robe of the Saviour {rC++ Regen+ Stlth+}
 16230 | D:10     | XOM: stat loss: -1 Int (13/14)
 16296 | D:10     | XOM: polymorph something unseen -> jackal
 16297 | D:10     | XOM: destruction
 16313 | D:10     | Reached XP level 12. HP: 86/86 MP: 0/0
 16316 | D:10     | XOM: polymorph yak -> giant cockroach
 16317 | D:10     | Found a staircase to the Orcish Mines.
 16321 | D:10     | XOM: summons 8 friendly demons
 16343 | D:10     | XOM: give mutations
 16343 | D:10     | Gained mutation: You are partially covered in iridescent
                  | scales. (AC +2) [Xom's grace]
 16343 | D:10     | Gained mutation: You expend health (3 HP) to strengthen
                  | your wands. [Xom's grace]
 16425 | D:10     | XOM: give mutations
 16425 | D:10     | Gained mutation: You are robust. (+10% HP) [Xom's mischief]
 16425 | D:10     | Lost mutation: Your flesh is almost immune to the effects
                  | of heat. (rF+++) [Xom's mischief]
 16577 | D:10     | Found a bloodstained altar of Trog.
 17187 | D:11     | Noticed a two-headed ogre
 17197 | D:11     | a two-headed ogre changed into a cyclops
 17197 | D:11     | XOM: polymorph two-headed ogre -> cyclops
 17280 | D:11     | Found a staircase to the Lair.
 17514 | D:11     | XOM: divination: detect items
 17528 | D:11     | XOM: blink monster(s)
 17576 | D:11     | Noticed a two-headed ogre
 17582 | D:11     | Killed a two-headed ogre
 17755 | Lair:1   | Entered Level 1 of the Lair of Beasts
 17867 | Lair:1   | XOM: cloud trail
 18069 | Lair:1   | Noticed Amaemon
 18071 | Lair:1   | XOM: 2-stop teleportation journey
 18111 | Lair:1   | Reached skill level 9 in Dodging
 18243 | Lair:1   | XOM: enchant monster (bad)
 18271 | Lair:1   | XOM: cleaving
 18278 | Lair:1   | Amaemon changed into Amaemon the eye of devastation
 18278 | Lair:1   | Noticed Amaemon
 18278 | Lair:1   | XOM: polymorph Amaemon -> Amaemon the eye of devastation
 18321 | Lair:1   | Reached XP level 13. HP: 103/103 MP: 0/0
 18321 | Lair:1   | Learned a level 5 spell: Fireball
 18350 | Lair:1   | Killed Amaemon the eye of devastation
 18549 | Lair:1   | XOM: potion effect (might)
 18649 | Lair:1   | XOM: summons 6 hostile demons
 18845 | Lair:1   | XOM: give mutations
 18845 | Lair:1   | Gained mutation: Your flesh is almost immune to the effects
                  | of heat. (rF+++) [Xom's mischief]
 18845 | Lair:1   | Lost mutation: Your spells are much harder to cast, but
                  | much more powerful. [Xom's mischief]
 18845 | Lair:1   | Lost mutation: You are highly strong-willed. (Will++)
                  | [Xom's mischief]
 18845 | Lair:1   | Lost mutation: You are partially covered in iridescent
                  | scales. (AC +2) [Xom's mischief]
 18946 | Lair:2   | XOM: silly message
 18967 | Lair:2   | XOM: summons friendly ufetubus
 18976 | Lair:2   | XOM: blink monster(s)
 18990 | Lair:2   | Reached skill level 5 in Shields
 18996 | Lair:2   | XOM: polymorph blink frog -> wind drake
 19002 | Lair:2   | XOM: 1-stop teleportation journey
 19019 | Lair:2   | XOM: enchant monster (bad)
 19026 | Lair:2   | XOM: enchant monster (bad)
 19137 | Lair:2   | Noticed a five-headed hydra
 19137 | Lair:2   | XOM: swap monsters
 19144 | Lair:2   | Noticed a seven-headed hydra
 19146 | Lair:2   | Killed a one-headed hydra
 19153 | Lair:2   | XOM: confuse monster(s)
 19155 | Lair:2   | Killed a three-headed hydra
 19191 | Lair:2   | XOM: summons 13 friendly demons
 19278 | Lair:2   | XOM: fake destruction
 19297 | Lair:2   | XOM: destruction
 19298 | Lair:2   | XOM: summons 13 friendly demons
 19492 | Lair:2   | Noticed a dire elephant
 19492 | Lair:2   | Noticed a catoblepas
 19514 | Lair:2   | Found a runed translucent door.
 19578 | Lair:2   | XOM: potion effect (berserk rage)
 19586 | Lair:2   | XOM: fog
 19600 | Lair:2   | Reached skill level 10 in Dodging
 19605 | Lair:2   | XOM: enchant monster (good)
 19616 | Lair:2   | XOM: polymorph wolf -> ball python
 19629 | Lair:2   | Found a hole to the Spider Nest.
 19846 | Lair:2   | XOM: divination: detect creatures
 19912 | Lair:2   | XOM: stat loss: -1 Int (14/15)
 20071 | Lair:2   | XOM: potion effect (attraction)
 20087 | Lair:2   | XOM: polymorph elephant -> fire bat
 20093 | Lair:2   | XOM: smoke on damage
 20114 | Lair:2   | XOM: summons 8 friendly demons
 20116 | Lair:2   | Killed a dire elephant
 20117 | Lair:2   | Killed a catoblepas
 20169 | Lair:2   | Identified the +5 quarterstaff of Symmetry {protect,
                  | ^Contam Dex+5}
 20436 | D:5      | Bought the ring of Freedom {Ice rElec Will+ Dex+3 SInv} for
                  | 606 gold pieces
 20681 | Lair:3   | Reached XP level 14. HP: 111/111 MP: 0/0
 20758 | Lair:3   | XOM: divine lightning
 20850 | Lair:3   | XOM: enchant monster (good)
 20852 | Lair:3   | XOM: polymorph komodo dragon -> komodo dragon
 20881 | Lair:3   | XOM: cast spell 'Monstrous Menagerie'
 20943 | Lair:3   | XOM: god gift: ring of see invisible
 20948 | Lair:3   | XOM: potion effect (might)
 20950 | Lair:3   | XOM: noise
 20954 | Lair:3   | XOM: polymorph lindwurm -> shapeshifter
 21129 | Lair:3   | XOM: cast spell 'Summon Hydra'
 21160 | Lair:3   | Reached skill level 10 in Fighting
 21294 | Lair:3   | Found a staircase to the Swamp.
 21548 | Lair:4   | Found a shimmering altar of Xom.
 21561 | Lair:4   | Found the +18 shield of the Gong {Loud rN+ Will+ rCorr
                  | EV-5}
 21869 | Lair:4   | XOM: silly message
 22319 | Lair:5   | Entered Level 5 of the Lair of Beasts
 22326 | Lair:5   | XOM: enchant monster (bad)
 22506 | Lair:5   | Reached skill level 11 in Dodging
 22584 | Lair:5   | Reached skill level 10 in Spellcasting
 22584 | Lair:5   | Reached skill level 10 in Conjurations
 22584 | Lair:5   | Reached skill level 10 in Hexes
 22584 | Lair:5   | Reached skill level 10 in Summonings
 22584 | Lair:5   | Reached skill level 10 in Necromancy
 22584 | Lair:5   | Reached skill level 10 in Translocations
 22584 | Lair:5   | Reached skill level 10 in Fire Magic
 22584 | Lair:5   | Reached skill level 10 in Ice Magic
 22584 | Lair:5   | Reached skill level 10 in Air Magic
 22584 | Lair:5   | Reached skill level 10 in Earth Magic
 22584 | Lair:5   | Reached skill level 10 in Alchemy
 22585 | Lair:5   | Found a staircase to the Slime Pits.
 22585 | Lair:5   | Found a viscous altar of Jiyva.
 22680 | Lair:5   | Noticed a quicksilver ooze
 22682 | Lair:5   | Noticed a quicksilver ooze
 22683 | Lair:5   | Killed a quicksilver ooze
 22684 | Lair:5   | Noticed an azure jelly
 22689 | Lair:5   | Killed a quicksilver ooze
 22690 | Lair:5   | XOM: noise
 22697 | Lair:5   | Killed an azure jelly
 22698 | Lair:5   | Reached XP level 15. HP: 92/119 MP: 0/0
 22698 | Lair:5   | Learned a level 6 spell: Death Channel
 22707 | Lair:5   | XOM: enchant monster (good)
 22714 | Lair:5   | XOM: polymorph slime creature -> glowing shapeshifter
 22725 | Lair:5   | XOM: fake destruction
 22743 | Lair:5   | XOM: god gift: 903 gold pieces
 22751 | Lair:5   | XOM: noise
 22810 | Lair:5   | Found a stormy altar of Qazlal.
 22824 | Lair:5   | Noticed a quicksilver ooze
 22830 | Lair:5   | Killed a quicksilver ooze
 22853 | Lair:5   | Found a viscous altar of Jiyva.
 22859 | Lair:5   | XOM: polymorph very large slime creature -> cyclops
 22880 | Lair:5   | XOM: scenery: create altars
 22908 | Lair:5   | XOM: enchant monster (bad)
 22911 | Lair:5   | Reached skill level 10 in Evocations
 22920 | Lair:5   | XOM: smoke on damage
 22970 | Lair:5   | XOM: 11-stop teleportation journey
 22980 | Lair:5   | XOM: summons 1 hostile shadow creature
 23001 | Lair:5   | XOM: blink monster(s)
 23003 | Lair:5   | XOM: noise
 23008 | Lair:5   | XOM: scenery: create altars
 23016 | Lair:5   | XOM: polymorph spriggan rider -> fire crab
 23117 | Lair:5   | XOM: fake destruction
 23202 | Lair:5   | Reached skill level 10 in Long Blades
 23246 | Lair:5   | XOM: 4-stop teleportation journey
 23383 | Lair:5   | XOM: 1-stop teleportation journey
 24126 | Orc:1    | Entered Level 1 of the Orcish Mines
 24126 | Orc:1    | Noticed Erolcha
 24133 | Orc:1    | Killed Erolcha
 24193 | Orc:2    | Entered Level 2 of the Orcish Mines
 24250 | Orc:2    | Noticed Jorgrun
 24257 | Orc:2    | XOM: swap monsters
 24258 | Orc:2    | Killed Jorgrun
 24265 | Orc:1    | XOM: stat loss: -1 Int (14/15)
 24382 | Orc:2    | Found a staircase to the Elven Halls.
 24382 | Orc:2    | XOM: 1-stop teleportation journey
 24388 | Orc:2    | Found Ynuthreo's Specific Store.
 24399 | Orc:2    | Found Oruvit's General Store.
 24415 | Orc:2    | Bought a scroll of teleportation for 33 gold pieces
 24415 | Orc:2    | Bought a scroll of blinking for 82 gold pieces
 24493 | Orc:2    | XOM: summons 4 hostile shadow creatures
 24521 | Orc:2    | XOM: cast spell 'Iskenderun's Battlesphere'
 24538 | Orc:2    | XOM: fog
 24556 | Orc:2    | Found Tofyanwi's Magic Scroll Boutique.
 24567 | Orc:2    | Found Hotra's General Store.
 24584 | Orc:2    | Bought a scroll of fear for 64 gold pieces
 24584 | Orc:2    | Bought a scroll of teleportation for 48 gold pieces
 24586 | Orc:2    | Bought a potion of curing for 51 gold pieces
 24635 | Orc:2    | XOM: cast spell 'Summon Mana Viper'
 24820 | Orc:2    | Found Qaul's Assorted Antiques.
 24828 | Orc:2    | Bought a potion of heal wounds for 175 gold pieces
 24978 | Orc:2    | XOM: noise
 24990 | Orc:2    | XOM: polymorph orc high priest -> catoblepas
 24999 | Orc:2    | XOM: polymorph orc high priest -> six-headed hydra
 25012 | Orc:2    | XOM: cleaving
 25040 | Orc:2    | XOM: enchant monster (bad)
 25180 | Orc:2    | XOM: summons 3 hostile shadow creatures
 25186 | Orc:2    | XOM: summons 4 hostile shadow creatures
 25302 | Orc:2    | XOM: give mutations
 25302 | Orc:2    | Lost mutation: You are partially covered in large bone
                  | plates. (SH +4) [Xom's mischief]
 25302 | Orc:2    | Lost mutation: You possess an exceptional clarity of mind.
                  | [Xom's mischief]
 25302 | Orc:2    | Lost mutation: Your spells are harder to cast, but more
                  | powerful. [Xom's mischief]
 25302 | Orc:2    | Gained mutation: You are resistant to electric shocks.
                  | (rElec) [Xom's mischief]
 25339 | Orc:2    | Reached skill level 12 in Dodging
 25355 | Orc:2    | XOM: blink monster(s)
 25360 | Orc:2    | Reached XP level 16. HP: 127/127 MP: 0/0
 25382 | Orc:2    | Found Gutyficw's Antique Weapon Shoppe.
 25382 | Orc:2    | Found a one-way gate leading to the halls of Pandemonium.
 25382 | Orc:2    | Found Deut's Book Emporium.
 25542 | D:12     | XOM: summons 9 hostile demons
 25584 | D:12     | XOM: noise
 25731 | D:12     | Found Mezaiv's Magic Scroll Shoppe.
 25735 | D:12     | Bought a scroll of blinking for 105 gold pieces
 25735 | D:12     | Bought a scroll of enchant armour for 105 gold pieces
 25735 | D:12     | Bought a scroll of blinking for 105 gold pieces
 25735 | D:12     | Bought a scroll of teleportation for 42 gold pieces
 25735 | D:12     | Bought a scroll of teleportation for 42 gold pieces
 25735 | D:12     | Bought a scroll of blinking for 105 gold pieces
 25890 | D:12     | Identified the ring "Wiune" {^Drain rF+ Will- MP+9 Int+6}
 25907 | D:12     | XOM: smoke on damage
 26084 | D:12     | Found a runed translucent door.
 26084 | D:12     | Noticed VoidStrider's ghost (journeyman OnFE)
 26310 | D:12     | Identified the +0 leather armour "Ijuog" {rC- MP+9 Str+4}
 26322 | D:12     | Killed VoidStrider's ghost
 26440 | D:13     | XOM: polymorph electric eel -> electric eel
 26550 | D:13     | XOM: god gift: plate armour {god gift}
 26607 | D:13     | XOM: summons friendly white imp
 26658 | D:13     | XOM: fog
 26712 | D:13     | XOM: scenery: 2 doors open, 2 doors close
 27044 | D:13     | XOM: cloud trail
 27169 | D:13     | XOM: divination: detect creatures
 27455 | D:14     | XOM: potion effect (invisibility)
 27521 | D:14     | Found a gate to the Vaults.
 27561 | D:14     | You are sucked into a shaft and drop 1 floor!
 27561 | D:15     | Entered Level 15 of the Dungeon
 27744 | D:14     | XOM: scenery: create altars
 27839 | D:14     | XOM: enchant monster (good)
 27858 | D:14     | XOM: enchant monster (good)
 27863 | D:14     | XOM: polymorph ice beast -> shapeshifter
 27943 | D:14     | Noticed Snorg
 27949 | D:14     | Snorg changed into Snorg the anaconda
 27949 | D:14     | Noticed Snorg
 27949 | D:14     | XOM: polymorph Snorg -> Snorg the anaconda
 27950 | D:14     | XOM: enchant monster (bad)
 27956 | D:14     | Killed Snorg the anaconda
 27994 | D:14     | Noticed Agnes
 27996 | D:14     | XOM: cleaving
 28001 | D:14     | Killed Agnes
 28036 | D:14     | Reached XP level 17. HP: 114/135 MP: 0/0
 28036 | D:14     | Learned a level 7 spell: Ozocubu's Refrigeration
 28044 | D:14     | Found a hide-covered altar of Uskayaw.
 28300 | D:14     | Noticed Louise
 28321 | D:14     | XOM: confusion (+ monsters)
 28332 | D:14     | Killed Louise
 28413 | D:14     | XOM: chaos upgrade
 28419 | D:14     | XOM: swap monsters
 28439 | D:14     | XOM: summons 9 hostile demons
 28525 | D:14     | XOM: enchant monster (bad)
 28526 | D:14     | XOM: chaos cloud
 28563 | D:14     | Identified the +0 fire dragon scales of Irksome Brilliance
                  | {rF++ rC- MP+9 Int-5 Stlth+}
 28740 | D:14     | XOM: confuse monster(s)
 28744 | D:14     | XOM: polymorph centaur warrior -> ghost moth
 28748 | D:14     | XOM: summons friendly iron imp
 28750 | D:14     | Reached skill level 13 in Dodging
 28788 | D:14     | XOM: swap monsters
 28791 | D:14     | XOM: silly message
 28934 | D:14     | Found a candlelit altar of Ignis.
 28948 | D:14     | XOM: summons 2 hostile demons
 29057 | D:15     | XOM: swap monsters
 29074 | D:15     | HP: 4/135 [centaur warrior/arrow (11)]
 29076 | D:15     | XOM: silly message
 29080 | D:15     | XOM: divination: detect items
 29094 | D:15     | XOM: divination: detect creatures
 29204 | D:15     | XOM: silly message
 29376 | D:15     | XOM: noise
 29385 | D:15     | Reached skill level 10 in Shields
 29406 | D:15     | XOM: confusion (+ monsters)
 29457 | D:15     | XOM: divination: magic mapping
 29471 | D:15     | XOM: swap monsters
 29591 | D:15     | Found a staircase to the Depths.
 29851 | Lair:1   | XOM: noise
 29885 | Lair:3   | XOM: torment (75/133 hp)
 29907 | Swamp:1  | Entered Level 1 of the Swamp
 29911 | Swamp:1  | XOM: blink monster(s)
 29913 | Swamp:1  | XOM: chaos upgrade
 30241 | Swamp:1  | XOM: 4-stop teleportation journey
 30250 | Swamp:1  | XOM: summons 5 friendly demons
 30776 | Swamp:2  | Reached XP level 18. HP: 126/144 MP: 0/0
 30817 | Swamp:2  | XOM: confusion (+ monsters)
 30863 | Swamp:2  | Identified the +2 sling of the Stork {freeze, Fly}
 31284 | Swamp:3  | XOM: cleaving
 31287 | Swamp:3  | XOM: summons friendly iron imp
 31320 | Swamp:3  | XOM: divination: detect creatures
 31588 | Swamp:3  | Found a runed translucent door.
 31803 | Swamp:3  | XOM: smoke on damage
 31808 | Swamp:3  | Reached skill level 14 in Dodging
 31965 | Swamp:3  | XOM: summons friendly iron imp
 31967 | Swamp:3  | XOM: cast spell 'Alistair's Intoxication'
 31969 | Swamp:3  | XOM: cast spell 'Cause Fear'
 32006 | Swamp:3  | XOM: swap monsters
 32016 | Swamp:3  | Identified the +1 pair of gloves of the Arena {rPois Dex+3}
 32170 | Swamp:4  | Entered Level 4 of the Swamp
 32358 | Swamp:4  | XOM: cleaving
 32421 | Swamp:4  | XOM: scenery: create altars
 32465 | Swamp:4  | XOM: scenery: summon butterflies
 32475 | Swamp:4  | XOM: 1-stop teleportation journey
 32529 | Swamp:4  | Noticed a tentacled monstrosity
 32544 | Swamp:4  | Killed a tentacled monstrosity
 32611 | Swamp:4  | XOM: give mutations
 32611 | Swamp:4  | Gained mutation: You have a pair of small antennae on your
                  | head. [Xom's grace]
 32611 | Swamp:4  | Gained mutation: You are very agile. (Dex +8, Str/Int -2)
                  | [Xom's grace]
 32611 | Swamp:4  | Gained mutation: Your mind is acute. (Int +4, Str/Dex -1)
                  | [Xom's grace]
 32710 | Swamp:4  | XOM: scenery: summon butterflies
 32741 | Swamp:4  | XOM: give mutations
 32741 | Swamp:4  | Gained mutation: You have hidden genetic potential. [Xom's
                  | grace]
 32741 | Swamp:4  | Gained mutation: Your spells are harder to cast, but more
                  | powerful. [Xom's grace]
 32741 | Swamp:4  | Gained mutation: You have a pair of antennae on your head.
                  | [Xom's grace]
 32805 | Swamp:4  | XOM: give mutations
 32805 | Swamp:4  | Lost mutation: You expend health (3 HP) to strengthen your
                  | wands. [Xom's mischief]
 32805 | Swamp:4  | Gained mutation: You are highly strong-willed. (Will++)
                  | [Xom's mischief]
 32805 | Swamp:4  | Lost mutation: You are highly strong-willed. (Will++)
                  | [Xom's mischief]
 32913 | Swamp:4  | Got a decaying rune of Zot
 33148 | Spider:1 | Entered Level 1 of the Spider Nest
 33280 | Spider:1 | XOM: polymorph moth of wrath -> jumping spider
 33434 | Spider:1 | XOM: cleaving
 33686 | Spider:1 | XOM: give mutations
 33686 | Spider:1 | Lost mutation: Your flesh is almost immune to the effects
                  | of heat. (rF+++) [Xom's mischief]
 33686 | Spider:1 | Lost mutation: Your spells are harder to cast, but more
                  | powerful. [Xom's mischief]
 33748 | Spider:1 | XOM: cleaving
 33766 | Spider:1 | Identified the +1 scale mail of the Wereyak {Int+3}
 33956 | Spider:2 | XOM: fog
 33962 | Spider:2 | Reached XP level 19. HP: 122/152 MP: 0/0
 33962 | Spider:2 | Learned a level 7 spell: Monstrous Menagerie
 34067 | Spider:2 | Noticed Arachne
 34067 | Spider:2 | XOM: 3-stop teleportation journey
 34086 | Spider:2 | XOM: scenery: summon butterflies
 34099 | Spider:2 | XOM: enchant monster (good)
 34252 | Spider:2 | XOM: summons friendly white imp
 34264 | Spider:2 | XOM: enchant monster (good)
 34272 | Spider:2 | XOM: enchant monster (good)
 34277 | Spider:2 | Killed Arachne
 34374 | Spider:2 | XOM: silly message
 34472 | Spider:2 | XOM: scenery: create altars
 34559 | Spider:3 | XOM: stealth player
 34585 | Spider:3 | Noticed Donald
 34591 | Spider:3 | Killed Donald
 35316 | Spider:4 | Entered Level 4 of the Spider Nest
 35317 | Spider:4 | XOM: noise
 35325 | Spider:4 | Reached skill level 15 in Dodging
 35381 | Spider:4 | XOM: swap monsters
 35404 | Spider:4 | XOM: noise
 35406 | Spider:4 | XOM: cast spell 'Cause Fear'
 35477 | Spider:4 | XOM: noise
 35567 | Spider:4 | Noticed Nikola
 35579 | Spider:4 | Killed Nikola
 35732 | Spider:4 | XOM: divination: magic mapping
 35833 | Spider:4 | Got a gossamer rune of Zot
 35842 | Spider:4 | Identified the orb "Rugicod" {light, rF+ Str-3 Air}
 36028 | Spider:4 | XOM: god gift: scroll of teleportation
 36321 | Lair:2   | XOM: god gift: 734 gold pieces
 36454 | D:5      | Bought a scroll of teleportation for 42 gold pieces
 36454 | D:5      | Bought a scroll of teleportation for 42 gold pieces
 36454 | D:5      | Bought a scroll of teleportation for 42 gold pieces
 36454 | D:5      | Bought a scroll of enchant weapon for 105 gold pieces
 36454 | D:5      | Bought a scroll of enchant armour for 105 gold pieces
 36503 | D:9      | XOM: silly message
 36579 | Elf:1    | Entered Level 1 of the Elven Halls
 36642 | Elf:1    | Reached XP level 20. HP: 137/162 MP: 0/0
 36649 | Elf:1    | XOM: butterfly on damage
 36660 | Elf:1    | XOM: destruction
 36667 | Elf:1    | XOM: polymorph deep elf zephyrmancer -> death yak
 36750 | Elf:1    | Reached skill level 1 in Shapeshifting
 36790 | Elf:1    | Found a crumbling gateway.
 36858 | Desolati | Entered the Desolation of Salt
 36955 | Desolati | XOM: blink monster(s)
 37027 | Desolati | Identified the amulet of Esaoru {Faith Int+3}
 37151 | Desolati | Identified the +9 dire flail "Lovo" {drain, rC+ rCorr
                  | Dex+4}
 37202 | Desolati | XOM: confusion
 37271 | Desolati | Reached skill level 16 in Dodging
 37277 | Desolati | Gained mutation: You expend health (3 HP) to strengthen
                  | your wands. [hidden potential]
 37319 | Desolati | XOM: draining
 37360 | Desolati | Identified the +3 leather armour of Awe {Dex+3}
 37386 | Desolati | Reached skill level 15 in Spellcasting
 37386 | Desolati | Reached skill level 15 in Conjurations
 37386 | Desolati | Reached skill level 15 in Hexes
 37386 | Desolati | Reached skill level 15 in Summonings
 37386 | Desolati | Reached skill level 15 in Necromancy
 37386 | Desolati | Reached skill level 15 in Translocations
 37386 | Desolati | Reached skill level 15 in Fire Magic
 37386 | Desolati | Reached skill level 15 in Ice Magic
 37386 | Desolati | Reached skill level 15 in Air Magic
 37386 | Desolati | Reached skill level 15 in Earth Magic
 37386 | Desolati | Reached skill level 15 in Alchemy
 37393 | Desolati | Identified the +4 mace of Ruination {freeze, Will++}
 37465 | Desolati | XOM: summons 2 hostile demons
 37515 | Desolati | Identified the +7 scimitar of Hatred {freeze, *Corrode rF+
                  | Int+3}
 37520 | Desolati | Identified the +8 shortbow "Nothrur" {drain, rCorr Str+3
                  | Dex-4}
 37602 | Desolati | Reached skill level 15 in Fighting
 37673 | Desolati | Identified the amulet of Disaster {Spirit Dex+6 Slay+3}
 37709 | Desolati | Identified the ring of Vioqoutu {rF+ Int+4}
 37776 | Desolati | XOM: confuse monster(s)
 37859 | Desolati | Identified the +1 kite shield of Plasticity {Dex+3}
 38090 | Elf:1    | XOM: smoke on damage
 38179 | Elf:1    | Found Tuata's Antique Armour Boutique.
 38179 | Elf:1    | Found Vusyf's Magic Scroll Shop.
 38180 | Elf:1    | Found Iphocrao's Weapon Shop.
 38182 | Elf:1    | Found Bextin's General Store.
 38187 | Elf:1    | Bought a scroll of teleportation for 39 gold pieces
 38187 | Elf:1    | Bought a scroll of revelation for 97 gold pieces
 38187 | Elf:1    | Bought a scroll of blinking for 97 gold pieces
 38187 | Elf:1    | Bought a scroll of acquirement for 676 gold pieces
 38187 | Elf:1    | Bought a scroll of teleportation for 39 gold pieces
 38187 | Elf:1    | Acquired 930 gold pieces
 38373 | Elf:1    | Reached XP level 21. HP: 130/170 MP: 0/0
 38373 | Elf:1    | Learned a level 8 spell: Summon Horrible Things
 38472 | Elf:1    | XOM: divination: detect creatures
 38990 | Elf:2    | XOM: 1-stop teleportation journey
 39004 | Elf:2    | XOM: god gift: notched garnet ring {god gift}
 39010 | Elf:2    | Noticed Asterion
 39018 | Elf:2    | Killed Asterion
 39022 | Elf:2    | XOM: 9-stop teleportation journey
 39069 | Elf:2    | XOM: cast spell 'Leda's Liquefaction'
 39184 | Elf:2    | Found a runed translucent gate.
 39206 | Elf:2    | Found a runed translucent gate.
 39207 | Elf:2    | Found a runed translucent gate.
 39536 | Elf:2    | XOM: noise
 39608 | Elf:2    | XOM: silly message
 39701 | Elf:2    | Gained mutation: You are highly strong-willed. (Will++)
                  | [hidden potential]
 39701 | Elf:2    | Lost mutation: You have hidden genetic potential. [hidden
                  | potential expressed]
 39760 | Elf:2    | XOM: scenery: 5 doors close
 39895 | Elf:2    | XOM: confuse monster(s)
 39975 | Elf:3    | Entered Level 3 of the Elven Halls
 39984 | Elf:3    | Reached skill level 5 in Shapeshifting
 40128 | Elf:3    | XOM: scenery: 2 doors open, 2 doors close
 40139 | Elf:3    | XOM: enchant monster (bad)
 40207 | Elf:3    | XOM: stat loss: -1 Int (20/21)
 40459 | Elf:3    | XOM: scenery: summon butterflies
 40462 | Elf:3    | Reached skill level 17 in Dodging
 40462 | Elf:3    | Reached XP level 22. HP: 141/179 MP: 0/0
 40564 | Elf:3    | Identified the ring "Bapnoapa" {rF+ rC+++ Int-2 Dex+5
                  | Stlth+}
 40584 | Elf:3    | Identified the ring of Zierphuky {^Drain rPois rCorr AC+4
                  | SInv}
 40700 | Elf:3    | Found the +12 glaive of Prune {freeze, Prune}
 40707 | Elf:3    | Identified the ring "Fyurghes" {rPois Str+3 Dex+6 Slay+3}
 40729 | Elf:3    | Identified the ring "Ficostor" {rPois rC++ Int+3}
 40744 | Elf:3    | Identified the ring "Wezorr" {rC+ Dex+6}
 41312 | Elf:1    | XOM: stat loss: -1 Dex (36/37)
 41470 | Vaults:1 | Entered Level 1 of the Vaults
 41684 | Vaults:1 | Found the +8 demon blade "Leech" {evervamp, Harm ^Drain
                  | rN+}
 41864 | Vaults:1 | XOM: polymorph vault warden -> iron giant
 41865 | Vaults:1 | XOM: chaos cloud
 41875 | Vaults:1 | XOM: summons 1 hostile shadow creature
 41877 | Vaults:1 | Slain by an ettin skeleton

Illustrated notes

Levels and vault maps discovered:
D:1:      ncdulo_wetmaze, layout_basic
D:2:      layout_basic, minmay_misc_feat_five, minmay_hexomino_u4
D:3:      layout_rooms, beargit_hepliaklqana_dungeon_heroes, serial_aquarium,
          aquarium_bridge_square [aquarium_subvault_window,
          aquarium_subvault_balcony, aquarium_subvault_window,
          aquarium_subvault_bridge], aquarium_window_fake, aquarium_window_fake,
          aquarium_view_2e, palyth_stone_intersect
D:4:      layout_basic, minmay_temple_entry_drinking_statues, minivault_14,
          minmay_increasing_density, uniq_natasha
D:5:      layout_loops_ring, lemuel_tele_altar,
          nicolae_qazlal_beasts_of_the_sky, serial_bayou, serial_bayou_lake_a,
          serial_bayou_shore_a, serial_bayou_pond_b, serial_bayou_lagoon_a,
          serial_shops, shop, nicolae_take_the_stairs, shop,
          nicolae_shop_pleasant_corner_grove, shop
D:6:      layout_basic, gammafunk_ghost_necromancy, uniq_grinder
D:7:      layout_basic, general_overflow_altar,
          gammafunk_ghost_berserking_beasts, uniq_joseph
D:8:      layout_loops_ring, old_standard_altar
D:9:      layout_roguey, lemuel_zombie_altar_yredelemnul, serial_shops, shop,
          uniq_pikel, uniq_erica, uniq_jeremiah, uniq_grum
D:10:     layout_layer_cave, kennysheep_mini_moat, erik_orc_4
D:11:     layout_cross, hellmonk_lair_entry_icy
D:12:     layout_roguey, gammafunk_ghost_grave, serial_shops, shop
D:13:     layout_loops_ring, nicolae_hexahallways, minivault_26,
          lightli_minifort
D:14:     regret_index_infernal_bastille, layout_basic, david_vaults_4,
          nicolae_uskayaw_murder_on_the_dancefloor, uniq_snorg, uniq_louise,
          uniq_agnes
D:15:     gammafunk_depths_entry_grave, layout_basic, minmay_misc_feat_tiny
Lair:1:   layout_cave_pods, chequers_serial_rivers_micro_d, grunt_megastairs_3,
          uniq_amaemon
Lair:2:   gammafunk_lair_enchanted_lake, layout_regular_city,
          spider_nest_entry_webs, grunt_megastairs_1
Lair:3:   layout_roguey, nicolae_swamp_entry_splash_gauntlet
Lair:4:   layout_layer_cave, basic_altar, pdpol_lair_neglected_garden,
          serial_bayou_pond_c
Lair:5:   minmay_lair_end_enchanted_forest, layout_layer_cave,
          minmay_slime_entry_jelly_boxes, special_room [special_room_jelly],
          lemuel_oklob_altar
Swamp:1:  layout_falls_marsh, evilmike_swamp_ruin_house_4, swamp_pool_4
Swamp:2:  layout_basic_swamp, nicolae_swamp_reclaimed_castle, swamp_pool_1_2
Swamp:3:  gammafunk_mikee_crab_dinner, layout_basic_swamp,
          hangedman_swamp_ruin_wall, swamp_pool_1_2,
          nicolae_swamp_oklob_treasure_island
Swamp:4:  swamp_icy, layout_basic_swamp, swamp_pool_1_2,
          nicolae_swamp_round_clearing, cheibrodos_swamp_minitomb
Spider:1: layout_spider_delve, hangedman_spider_tarantella_strand
Spider:2: layout_spider_delve, uniq_arachne
Spider:3: layout_spider_delve, uniq_donald
Spider:4: grunt_spider_rune_circles, uniq_nikola
Orc:1:    layout_diamond_mine, basic_altar, uniq_maurice, uniq_erolcha
Orc:2:    pf_orc_diabolical, layout_caves, serial_shops, shop,
          nicolae_specific_store, uniq_jorgrun
Elf:1:    layout_geoelf_octagon, portal_desolation_entry_nicolae_slug,
          nicolae_elf_crossing_hall, minivault_15, minmay_shoptagon
Elf:2:    nicolae_elf_blades_splatter_lattice [nicolae_blade_little_rooms],
          layout_geoelf_grid, uniq_asterion
Elf:3:    minmay_elf_hall_dome, layout_gridlike, grunt_megastairs_4
Vaults:1: hangedman_vaults_cutoff, grunt_vaults_twisty,
          nicolae_vaults_apartment_1, hangedman_vaults_river_flow,
          vaults_dpeg_ring, nicolae_vaults_double_plus_1, v_misc_30,
          ontoclasm_vaults_shuriken, hangedman_vaults_trim,
          nicolae_vaults_windows_and_doors_thing, nicolae_vaults_tetromino_T_1,
          nicolae_vaults_corridor_and_loot_room, v_misc_13,
          layout_vaults_big_cross

Skill      XL: |  1  2  3  4  5  6  7  8  9 10 11 12 13 14 15 16 17 18 19 20 21 22 |
---------------+-------------------------------------------------------------------+-----
Spellcasting   | 1 2 3 4 6 7 8 9 10 11 12 13 14 15 16 | 16.4
Conjurations   | 1 2 3 4 6 7 8 9 10 11 12 13 14 15 16 | 16.4
Hexes          | 1 2 3 4 6 7 8 9 10 11 12 13 14 15 16 | 16.4
Summonings     | 1 2 3 4 6 7 8 9 10 11 12 13 14 15 16 | 16.4
Necromancy     | 1 2 3 4 6 7 8 9 10 11 12 13 14 15 16 | 16.4
Translocations | 1 2 3 4 6 7 8 9 10 11 12 13 14 15 16 | 16.4
Fire Magic     | 1 2 3 4 6 7 8 9 10 11 12 13 14 15 16 | 16.4
Ice Magic      | 1 2 3 4 6 7 8 9 10 11 12 13 14 15 16 | 16.4
Air Magic      | 1 2 3 4 6 7 8 9 10 11 12 13 14 15 16 | 16.4
Earth Magic    | 1 2 3 4 6 7 8 9 10 11 12 13 14 15 16 | 16.4
Alchemy        | 1 2 3 4 6 7 8 9 10 11 12 13 14 15 16 | 16.4
Long Blades    | 3 4 6 7 8 9 10 11 12 13 14 | 14.2
Armour         | 2 3 4 6 7 8 9 |  9.5
Dodging        | 3 4 5 7 8 9 10 11 12 13 14 15 16 17 | 17.3
Evocations     | 1 2 3 5 6 7 8 9 10 11 12 | 12.1
Fighting       | 4 5 7 8 9 10 11 12 13 14 15 16 | 16.1
Shields        | 3 4 5 7 8 9 10 | 10.4
Shapeshifting  | 3 5 6 |  6.1

Action                     |  1- 3 |  4- 6 |  7- 9 | 10-12 | 13-15 | 16-18 | 19-21 | 22-24 || total
---------------------------+-------+-------+-------+-------+-------+-------+-------+-------++-------
  Melee: Falchion          |    94 |   127 |   337 |   163 |       |       |       |       ||   721
         Punch             |       |     1 |     1 |       |       |       |       |       ||     2
         Scimitar          |       |       |       |   402 |  1047 |   791 |   499 |    20 ||  2759
   Cast: Scorch            |       |     1 |     5 |       |       |       |       |       ||     6
         Summon Ice Beast  |       |       |     2 |     5 |     2 |    16 |     7 |       ||    32
         Sticky Flame      |       |       |       |     4 |    40 |    83 |    98 |       ||   225
         Fireball          |       |       |       |       |   156 |   320 |   167 |       ||   643
         Metabolic Englaci |       |       |       |       |     1 |     1 |       |       ||     2
         Death Channel     |       |       |       |       |       |     1 |     1 |       ||     2
         Ozocubu's Refrige |       |       |       |       |       |       |   244 |    83 ||   327
         Monstrous Menager |       |       |       |       |       |       |     2 |       ||     2
  Evoke: Wand              |       |       |     4 |       |       |       |     3 |       ||     7
    Use: Scroll            |     1 |     3 |     6 |     5 |     8 |     8 |     9 |     1 ||    41
         Potion            |       |       |     4 |     1 |     2 |     1 |     3 |       ||    11
   Stab: Held in net/web   |     1 |       |       |       |       |       |       |       ||     1
         Sleeping          |       |     1 |     1 |     8 |     4 |    13 |     3 |     1 ||    31
         Distracted        |       |     1 |     1 |     3 |     5 |     7 |     4 |       ||    21
         Petrified         |       |     5 |     9 |     1 |     8 |       |       |       ||    23
         Petrifying        |       |     2 |     1 |     2 |       |       |       |       ||     5
         Confused          |       |       |     5 |     1 |     3 |    12 |     3 |       ||    24
         Paralysed         |       |       |     1 |       |       |       |     1 |       ||     2
         Betrayed ally     |       |       |     1 |       |       |       |       |       ||     1
         Invisible         |       |       |       |     2 |       |     5 |       |       ||     7
 Armour: Leather armour    |    55 |   105 |   155 |   116 |       |       |       |       ||   431
         Skin              |       |       |     6 |     3 |       |       |       |       ||     9
         Robe              |       |       |       |   132 |   503 |   457 |   263 |    13 ||  1368
  Dodge: Dodged            |    61 |   115 |   248 |   672 |   956 |   691 |   621 |    38 ||  3402
  Block: Other             |     1 |    25 |    19 |       |       |       |       |       ||    45
         Buckler           |       |       |   114 |   406 |   781 |   321 |   281 |    10 ||  1913
         Kite shield       |       |       |       |       |       |   147 |       |       ||   147

Table legend: (Time is in decaauts)
 A = Elapsed time spent in this place.
 B = Non-inter-level travel time spent in this place.
 C = Inter-level travel time spent in this place.
 D = Time resting spent in this place.
 E = Time spent auto-exploring this place.
 F = Levels seen in this place.
 G = Mean time per level.
                   A        B        C        D        E       F      G
               +--------+--------+--------+--------+--------+-----+--------+
         Total |  41841 |  39483 |   2358 |  10807 |  19706 |  35 | 1195.5 |
       Dungeon |  22932 |  21608 |   1324 |   9211 |   8925 |  15 | 1528.8 |
          Lair |   6460 |   6030 |    430 |    541 |   3667 |   5 | 1292.0 |
         Swamp |   2829 |   2692 |    137 |    161 |   1734 |   4 |  707.2 |
   Spider Nest |   3127 |   2934 |    193 |    186 |   2033 |   4 |  781.8 |
  Orcish Mines |   1471 |   1374 |     97 |    280 |    617 |   2 |  735.5 |
   Elven Halls |   3460 |   3287 |    173 |    284 |   1914 |   3 | 1153.3 |
        Vaults |    405 |    405 |      0 |      0 |    299 |   1 |  405.0 |
    Desolation |   1153 |   1153 |      0 |    144 |    516 |   1 | 1153.0 |
               +--------+--------+--------+--------+--------+-----+--------+

Top non-repeatable levels by time:
     D:1: 9570 daAuts
    D:14: 1741 daAuts
  Lair:5: 1558 daAuts
  Lair:2: 1409 daAuts
   Orc:2: 1384 daAuts
    D:10: 1301 daAuts
  Lair:3: 1286 daAuts
   Elf:3: 1259 daAuts
  Lair:1: 1228 daAuts
   Elf:1: 1166 daAuts
Desolation: 1153 daAuts
   Elf:2: 1034 daAuts
     D:5: 1001 daAuts
    D:13: 986 daAuts
  Lair:4: 977 daAuts
